 Dungeon Crawl Stone Soup version 0.23.2-40-g277498a (webtiles) character file.

Game seed: 3648832351416476742

140 zhovat1 the Grave Robber (level 5, -2/37 HPs)
             Began as a Vampire Necromancer on Aug 21, 2019.
             Slain by a worker ant (6 damage)
             ... on level 4 of the Dungeon.
             The game lasted 00:06:16 (5309 turns).

zhovat1 the Grave Robber (Vampire Necromancer)      Turns: 5309, Time: 00:06:17

Health: -2/37      AC:  2    Str:  7    XL:     5   Next: 2%
Magic:  3/9        EV: 13    Int: 18    God:
Gold:   156        SH:  0    Dex: 15    Spells: 5/10 levels left

rFire    . . .     SeeInvis +   m - +1 short sword
rCold    + . .     Gourm    .   (no shield)
rNeg     + + .     Faith    .   a - +0 robe
rPois    +         Spirit   .   (no helmet)
rElec    .         Reflect  .   (no cloak)
rCorr    .         Harm     .   (no gloves)
MR       .....                  (no boots)
Stlth    ++++......             (no amulet)
HPRegen  0.06/turn              (no ring)
MPRegen  0.11/turn              (no ring)

@: regenerating slowly
A: fangs 3, see invisible, unbreathing
a: Bat Form


You were on level 4 of the Dungeon.
You were near bloodless.

You visited 1 branch of the dungeon, and saw 4 of its levels.

You collected 246 gold pieces.
You spent 90 gold pieces at shops.

Inventory:

Hand Weapons
 m - a +1 short sword (weapon)
Armour
 a - a +0 robe (worn)
Wands
 k - a wand of acid (13)
Scrolls
 i - 2 scrolls of remove curse
 l - 3 scrolls of magic mapping
 n - a scroll of teleportation
Potions
 b - 2 potions of curing
 c - 5 potions of blood
 d - 2 potions of heal wounds
 e - 2 potions of flight
 f - a potion of brilliance {unknown}
 g - a potion of cancellation {unknown}
 h - a potion of magic {unknown}


   Skills:
 + Level 1.2 Fighting
 * Level 1.5 Short Blades
 + Level 3.1 Dodging
 + Level 4.2 Stealth
 * Level 3.0 Spellcasting
 + Level 4.7 Necromancy


You had 5 spell levels left.
You knew the following spells:

 Your Spells              Type           Power        Failure   Level  Hunger
a - Pain                  Necr           ###.         2%          1    None
b - Animate Skeleton      Necr           N/A          2%          1    None
c - Vampiric Draining     Necr           ###.......   7%          3    ###....

Your spell library contained the following spells:

 Spells                   Type           Power        Failure   Level  Hunger
 Regeneration             Chrm/Necr      ##........   19%         3    ###....
 Animate Dead             Necr           N/A          22%         4    ####...


Dungeon Overview and Level Annotations

Branches:
Dungeon (4/15)
 Temple: D:4-7

Altars:
Dithmenos
Fedhas
Nemelex Xobeh
Yredelemnul
Zin


Innate Abilities, Weirdness & Mutations

You heal slowly.
You have razor-sharp teeth.
You have supernaturally acute eyesight. (SInv)
You can survive without breathing.


Message History

The worker ant barely resists.
The worker ant bites you. The bullfrog skeleton misses you.
Casting: Pain (safe; 2% risk of failure)
Confirm with . or Enter, or press ? or * to list all spells.
Aiming: Pain (safe; 2% risk of failure)
Press: ? - help, Shift-Dir - straight line, f/p - worker ant
Aim: a worker ant (severely wounded, chance to defeat MR: 84%)
The worker ant writhes in agony.
The worker ant bites you.
* * * LOW HITPOINT WARNING * * *
The bullfrog skeleton barely misses you.
The worker ant closely misses you.
Casting: Pain (safe; 2% risk of failure)
Confirm with . or Enter, or press ? or * to list all spells.
Aiming: Pain (safe; 2% risk of failure)
Press: ? - help, Shift-Dir - straight line, f/p - worker ant
Aim: a worker ant (severely wounded, chance to defeat MR: 84%)
The worker ant writhes in agony.
The bullfrog skeleton hits you.
* * * LOW HITPOINT WARNING * * *
The worker ant bites you.
You die...

###..# #..#.
......# ..#..
....... #.....
#......## #......
#.(.....####.......
#........##.[......
.........#.........
..........a@.......
..........Z........
............s......
.#.................
..##...............
. ###.............
.....>.........
...............


You could see a scorpion, a worker ant and a bullfrog skeleton.

Vanquished Creatures
  An orc wizard (D:3)
  3 adders
  3 oozes
  A worm (D:2)
  A dart slug (D:3)
  A leopard gecko (D:1)
  5 orcs (D:3)
  2 giant cockroaches (D:3)
  5 goblins
  7 hobgoblins
  3 jackals (D:1)
  6 kobolds
  A quokka (D:3)
  2 ball pythons
  8 bats
  4 frilled lizards
  2 gnoll zombies (D:3)
  5 rats
60 creatures vanquished.

Vanquished Creatures (collateral kills)
  A hobgoblin (D:1)
1 creature vanquished.

Grand Total: 61 creatures vanquished

Notes
Turn   | Place    | Note
-------+----------+-------------------------------------------
     0 | D:1      | zhovat1 the Vampire Necromancer began the quest for the
                  | Orb.
     0 | D:1      | Reached XP level 1. HP: 13/13 MP: 3/3
   195 | D:1      | Reached XP level 2. HP: 9/20 MP: 0/5
   397 | D:1      | Learned a level 1 spell: Animate Skeleton
   965 | D:1      | Reached XP level 3. HP: 22/25 MP: 2/6
  3660 | D:2      | Reached skill level 1 in Fighting
  3723 | D:2      | Reached XP level 4. HP: 32/32 MP: 6/8
  3930 | D:3      | Found a shadowy altar of Dithmenos.
  3942 | D:3      | Reached skill level 1 in Short Blades
  4091 | D:3      | Found a blossoming altar of Fedhas.
  4272 | D:3      | Found Zin's Purification Station.
  4277 | D:3      | Found a glowing silver altar of Zin.
  4321 | D:3      | Bought a potion of curing for 90 gold pieces
  4357 | D:3      | Found a faded altar of an unknown god.
  4561 | D:3      | Found a sparkling altar of Nemelex Xobeh.
  4582 | D:3      | Reached XP level 5. HP: 23/37 MP: 6/9
  5146 | D:3      | Found a basalt altar of Yredelemnul.
  5269 | D:3      | Learned a level 3 spell: Vampiric Draining
  5309 | D:4      | Slain by a worker ant

Skill      XL: |  1  2  3  4 |
---------------+-------------+-----
Fighting       | 1 |  1.2
Short Blades   | 1 |  1.5
Stealth        | 4 |  4.2
Dodging        | 3 |  3.1
Spellcasting   | 3 |  3.0
Necromancy     | |  4.7

Action                   |  1- 3 |  4- 6 || total
-------------------------+-------+-------++-------
Melee: Club              |    16 |       ||    16
       Bite              |     6 |     2 ||     8
       Short sword       |    27 |    28 ||    55
 Cast: Pain              |    64 |    37 ||   101
       Animate Skeleton  |     8 |     1 ||     9
  Use: Scroll            |     6 |     6 ||    12
       Potion            |     2 |     2 ||     4
 Stab: Sleeping          |     6 |     7 ||    13
Armor: Robe              |    16 |     1 ||    17
Dodge: Dodged            |    51 |    31 ||    82
